 Dungeon Crawl Stone Soup version 0.29.1-13-g9f3cf754e1 (webtiles) character file.

Game seed: 706156019701922402

158 cdecastro the Insei (level 5, 0/33 HPs)
             Began as an Octopode Transmuter on Jan 28, 2023.
             Was a Believer of Vehumet.
             Slain by a scorpion (5 damage)
             ... on level 5 of the Dungeon on Jan 29, 2023.
             The game lasted 00:07:06 (4807 turns).

cdecastro the Insei (Octopode Transmuter)           Turns: 4807, Time: 00:07:07

Health: 0/33       AC:  1    Str:  9    XL:     5   Next: 40%
Magic:  6/8        EV: 13    Int: 17    God:    Vehumet [**....]
Gold:   227        SH:  0    Dex: 13    Spells: 0/8 levels left

rFire   . . .      SeeInvis +     - Unarmed
rCold   . . .      Faith    .   (no shield)
rNeg    . . .      Spirit   .   (helmet currently unavailable)
rPois   .          Reflect  .   (no amulet)
rElec   .          Harm     .   o - ring of see invisible
rCorr   .          Rampage  .   (no ring)
Will    .....                   (no ring)
Stlth   ++........              (no ring)
HPRegen 0.11/turn               (no ring)
MPRegen 0.11/turn               (no ring)
                                (no ring)
                                (no ring)

@: lethally poisoned (0 -> -4), appendages
A: tentacle spike 3, almost no armour, amphibious, 8 rings, camouflage 1,
gelatinous body 1, (nimble swimmer 1), tentacles
a: End Transformation, Renounce Religion


You were on level 5 of the Dungeon.
You worshipped Vehumet.
Vehumet was pleased with you.
One of your tentacles had grown a beastly spike.
You visited 1 branch of the dungeon, and saw 5 of its levels.

You collected 227 gold pieces.

Inventory:

Hand Weapons
 r - a +2 short sword of electrocution
Missiles
 j - 4 boomerangs
 q - 2 poisoned darts
Jewellery
 o - a ring of see invisible (left tentacle)
 s - a ring of wizardry
Scrolls
 b - 6 scrolls of identify {unknown}
 c - a scroll of enchant weapon {unknown}
 d - a scroll of amnesia {unknown}
 g - a scroll of torment {unknown}
 h - a scroll of blinking {unknown}
 k - 2 scrolls of fog {unknown}
 m - 2 scrolls of magic mapping {unknown}
 n - a scroll of teleportation {unknown}
 t - a scroll of immolation {unknown}
 u - a scroll of brand weapon {unknown}
Potions
 a - a potion of mutation {unknown}
 e - a potion of invisibility {unknown}
 f - a potion of brilliance {unknown}
 i - a potion of might {unknown}
 l - 2 potions of haste {unknown}
 p - a potion of curing


   Skills:
 - Level 1.0 Fighting
 - Level 2.0 Dodging
 - Level 5.0 Unarmed Combat
 - Level 2.0 Spellcasting
 + Level 3.7 Transmutations


You couldn't memorise any spells.
You knew the following spells:

 Your Spells              Type           Power      Damage    Failure   Level
a - Beastly Appendage     Tmut           28%        N/A       4%          1
b - Magic Dart            Conj           4%         1d3       19%         1
c - Wereblood             Tmut           14%        N/A       6%          2
d - Foxfire               Conj/Fire      4%         2x1d4     19%         1
e - Spider Form           Tmut/Pois      8%         N/A       26%         3

Your spell library contained the following spells:

 Spells                   Type           Power      Damage    Failure   Level
 Ice Form                 Ice/Tmut       8%         N/A       65%         4


Dungeon Overview and Level Annotations

Branches:
Dungeon (5/15)
 Temple: D:4-7

Altars:
Qazlal
Vehumet

Annotations:
D:3 1 runed translucent door, Crazy Yiuf
D:4 Pikel


Innate Abilities, Weirdness & Mutations

One of your tentacles has grown a beastly spike.
You cannot wear most types of armour.
You are amphibious.
You can wear up to eight rings at the same time.
Your skin changes colour to match your surroundings (Stealth+).
Your rubbery body absorbs attacks. (AC +1, EV +1)
((You are camouflaged when in or above water. (Stealth+)))
You have tentacles for arms and can constrict up to eight enemies at once.


Message History

The scorpion poisons you!
You barely miss the scorpion. Your grab misses the scorpion.
The scorpion is heavily wounded.
You feel sick. The scorpion stings you!
You are more poisoned.
The scorpion poisons you!
You tentacle-slap the scorpion. You grab the scorpion.
You squeeze the scorpion.
The scorpion is heavily wounded.
You constrict the scorpion, but do no damage.
You feel very sick. The scorpion stings you.
* * * LOW HITPOINT WARNING * * *
You tentacle-slap the scorpion but do no damage.
The scorpion is heavily wounded.
You constrict the scorpion, but do no damage.
You feel sick. The scorpion barely misses you.
Unknown command.
You tentacle-slap the scorpion.
You pierce the scorpion.
You squeeze the scorpion, but do no damage.
The scorpion is severely wounded.
You constrict the scorpion, but do no damage.
You feel sick. The scorpion closely misses you.
Unknown command.
You barely miss the scorpion.
Your tentacle spike misses the scorpion.
Your squeeze misses the scorpion.
The scorpion is severely wounded.
You constrict the scorpion.
You feel sick. The scorpion stings you.
* * * LOW HITPOINT WARNING * * *
Unknown command.
You tentacle-slap the scorpion but do no damage.
Your tentacle spike misses the scorpion.
The scorpion is almost dead.
You constrict the scorpion.
* * * LOW HITPOINT WARNING * * *
You feel sick.
The scorpion stings you but does no damage.
The scorpion stings you.
You die...

............#..........
............#...........
............##..........
...........# #..........
...........# #..........
...<......## #..........
..........# ##..........
..........###...s.......
.....#..........@.#####
######.....########
###..##### ###..########
#..######...#
............#
#..........##
..........## ..........#


You could see a scorpion.

Vanquished Creatures
  A jelly (D:4)
  A gnoll (D:4)
  6 adders
  A worm (D:3)
  2 dart slugs
  4 orcs
  3 bats
  8 endoplasms
  3 giant cockroaches
  3 goblins
  2 hobgoblins
  4 jackals (D:1)
  2 kobolds
  2 quokkas
  4 ball pythons
  5 frilled lizards
  3 rats
54 creatures vanquished.

Vanquished Creatures (others)
  4 foxfires (D:5)
  2 fungi
  A plant (D:4)
7 creatures vanquished.

Grand Total: 61 creatures vanquished

Notes
Turn   | Place    | Note
-------+----------+-------------------------------------------
     0 | D:1      | cdecastro the Octopode Transmuter began the quest for the
                  | Orb.
     0 | D:1      | Reached XP level 1. HP: 13/13 MP: 3/3
   432 | D:1      | Reached XP level 2. HP: 14/18 MP: 3/5
   746 | D:1      | Found a faded altar of an unknown god.
   898 | D:1      | Reached skill level 4 in Unarmed Combat
  1177 | D:1      | Prayed at the altar of an unknown god.
  1177 | D:1      | Became a worshipper of Vehumet
  1177 | D:1      | Reached * piety under Vehumet
  1177 | D:1      | Offered knowledge of Magic Dart by Vehumet.
  1222 | D:2      | Reached XP level 3. HP: 23/23 MP: 6/6
  1733 | D:2      | HP: 1/23 [poisoned by an adder]
  2123 | D:2      | Reached XP level 4. HP: 26/28 MP: 7/7
  2255 | D:2      | Learned a level 1 spell: Magic Dart
  2258 | D:2      | Learned a level 2 spell: Wereblood
  2744 | D:3      | Reached skill level 5 in Unarmed Combat
  2789 | D:3      | You fall into a shaft and drop 2 floors!
  2789 | D:5      | Entered Level 5 of the Dungeon
  3342 | D:3      | Found a runed translucent door.
  3343 | D:3      | Noticed Crazy Yiuf
  4115 | D:4      | Reached XP level 5. HP: 33/33 MP: 6/8
  4122 | D:4      | Reached ** piety under Vehumet
  4122 | D:4      | Offered knowledge of Foxfire by Vehumet.
  4436 | D:4      | Noticed a lemure
  4437 | D:4      | Noticed Pikel
  4438 | D:4      | Noticed a lemure
  4458 | D:3      | Learned a level 1 spell: Foxfire
  4462 | D:3      | Learned a level 3 spell: Spider Form
  4682 | D:5      | Found a stormy altar of Qazlal.
  4807 | D:5      | Slain by a scorpion

Illustrated notes

Levels and vault maps discovered:
D:1:      lightli_arrival_lavapool, layout_rooms,
          shapermc_ecumenical_altar_acropolis, roderic_lattice_a
D:2:      layout_loops_cross, hangedman_decor_peaks_small
D:3:      wander_river, layout_basic, uniq_crazy_yiuf_cottage
D:4:      layout_loops_cross, minmay_temple_entry_overgrown, kennysheep_potato,
          uniq_pikel
D:5:      layout_cave_pods, mainiacjoe_overflow_boulevard

Skill      XL: |  1  2  3  4 |
---------------+-------------+-----
Unarmed Combat | 4 5 |  5.0
Transmutations | 3 |  3.7
Fighting       | |  1.0
Dodging        | |  2.0
Spellcasting   | |  2.0

Action                   |  1- 3 |  4- 6 || total
-------------------------+-------+-------++-------
Melee: Unarmed           |    58 |    75 ||   133
       Constrict         |    14 |    18 ||    32
       Kick              |    12 |    22 ||    34
       Tentacles         |    15 |    12 ||    27
       Punch             |       |     1 ||     1
Throw: Dart              |       |     2 ||     2
       Boomerang         |       |     1 ||     1
 Cast: Beastly Appendage |    18 |    20 ||    38
       Foxfire           |       |     2 ||     2
  Use: Potion            |     2 |       ||     2
 Stab: Sleeping          |     6 |     7 ||    13
Armor: Skin              |     3 |     3 ||     6
Dodge: Dodged            |    38 |    35 ||    73
